 Dungeon Crawl Stone Soup version 0.30.0-29-ga12c61a403 (webtiles) character file.

Game seed: 5948645166069863411

4 Peloso the Covered (level 1, -2/20 HPs)
             Began as a Minotaur Fighter on June 25, 2023.
             Killed from afar by a dart slug (4 damage)
             ... with a slug dart
             ... on level 2 of the Dungeon.
             The game lasted 00:00:31 (132 turns).

Peloso the Covered (Minotaur Fighter)                Turns: 132, Time: 00:00:32

Health: -2/20      AC:  7    Str: 20    XL:     1   Next: 58%
Magic:  0/0        EV:  9    Int:  5    God:
Gold:   48         SH:  4    Dex:  9    Spells: 0/0 levels left

rFire   . . .        a - +0 long sword
rCold   . . .        c - +0 buckler
rNeg    . . .        b - +0 scale mail
rPois   .            (helmet restricted)
rElec   .            (no cloak)
rCorr   .            (no gloves)
SInv    .            (no boots)
Will    .....        (no amulet) Stlth
                     (no ring)
HPRegen 0.23/turn    (no ring)
MPRegen 0.07/turn

%: no passive effects
@: lethally poisoned (-2 -> -3)
A: horns 2, retaliatory headbutt
a: no special abilities


You were on level 2 of the Dungeon.
You visited 1 branch of the dungeon, and saw 2 of its levels.

You collected 48 gold pieces.

Inventory:

Hand Weapons
 a - a +0 long sword (weapon)
Armour
 b - a +0 scale mail (worn)
 c - a +0 buckler (worn)
Scrolls
 e - a scroll of noise
 g - a scroll of fear {unknown}
 h - 2 scrolls of identify
Potions
 d - a potion of might
 f - a potion of brilliance {unknown}


   Skills:
 + Level 3.7 Fighting
 + Level 2.4 Long Blades
 + Level 3.8 Armour
 + Level 3.8 Shields


You couldn't memorise any spells.
You didn't know any spells.
Your spell library was empty.

Dungeon Overview and Level Annotations

Branches:
Dungeon (1/15)

Altars:


Innate Abilities, Weirdness & Mutations

You have a pair of horns on your head.
You reflexively headbutt those who attack you in melee.


Message History

You hit the ball python.
You kill the ball python!
The adder barely misses you.
The endoplasm hits you but does no damage.
The hobgoblin hits you but does no damage.
The adder bites you but does no damage.
You slash the endoplasm!
You kill the endoplasm!
The endoplasm freezes you.
You are frozen.
The hobgoblin hits you. The adder bites you but does no damage.
You block the hobgoblin's attack. The endoplasm barely misses you.
You furiously retaliate!
You headbutt the endoplasm. You hit the dart slug.
The dart slug is heavily wounded.
The adder barely misses you. The adder bites you.
You are poisoned.
The adder poisons you!
The endoplasm hits you but does no damage.
The hobgoblin hits you but does no damage.
The dart slug launches a dart at you.
The slug dart hits you but does no damage.
You closely miss the adder.
The adder is lightly wounded.
You feel sick. The adder closely misses you. The endoplasm freezes you.
You are frozen.
* * * LOW HITPOINT WARNING * * *
The hobgoblin closely misses you. The dart slug bites you.
* * * LOW HITPOINT WARNING * * *
The adder closely misses you.
You hit the adder.
The adder is moderately wounded.
You feel sick. The endoplasm freezes you.
You are frozen.
* * * LOW HITPOINT WARNING * * *
You block the hobgoblin's attack. The adder barely misses you.
The dart slug launches a dart at you. The slug dart hits you.
You die...

.... #...#.....#####
...J #.......###...
...# ##........#...
##.#.###..######.#...
...#.#.#.# #.....†..
#.##..#.# #.###....
#....##............
###J..#####.###....
#S@g....... ##.##
#w##.###### #.# ...
#.# ... ..... ...
##.. ....... ....
#... ..#..## #.##
...## . ... .? .#..


You could see an adder, a dart slug, an endoplasm and a hobgoblin.

Vanquished Creatures
  An endoplasm (D:2)
  A kobold (D:2)
  A ball python (D:2)
  2 rats (D:2)
5 creatures vanquished.

Notes
Turn   | Place    | Note
-------+----------+-------------------------------------------
     0 | D:1      | Peloso the Minotaur Fighter began the quest for the Orb.
     0 | D:1      | Reached XP level 1. HP: 19/19 MP: 0/0
    49 | D:1      | You fall into a shaft and drop 1 floor!
   132 | D:2      | Killed from afar by a dart slug

Illustrated notes

Levels and vault maps discovered:
D:1:      scummos_arrival_star, layout_loops_ring,
          hellmonk_ecumenical_altar_heavens_door, minmay_misc_feat_nine_boxes,
          grunt_decor_clamped, minmay_misc_feat_square, nicolae_eternal_life,
          minmay_tromino_i4
D:2:      layout_loops_ring

Action                     || total
---------------------------++-------
  Melee: Long sword        ||    10
    Use: Scroll            ||     2
         Potion            ||     2
 Armour: Scale mail        ||    10
  Dodge: Dodged            ||    10
  Block: Buckler           ||     4
